 Dungeon Crawl Stone Soup version 0.30-b1-2-g02819fbbbe (webtiles) character file.

Game seed: 3808833780450360409

67 Metae the Covered (level 4, -4/40 HPs)
             Began as a Minotaur Fighter on June 24, 2023.
             Slain by a gnoll
             ... wielding a +0 spear
              (6 damage)
             ... on level 3 of the Dungeon.
             The game lasted 00:03:20 (1762 turns).

Metae the Covered (Minotaur Fighter)                Turns: 1762, Time: 00:03:21

Health: -4/40      AC:  7    Str: 22    XL:     4   Next: 0%
Magic:  3/3        EV: 10    Int:  5    God:
Gold:   115        SH:  4    Dex: 10    Spells: 3/3 levels left

rFire   . . .        a - +0 rapier
rCold   . . .        c - +0 buckler
rNeg    . . .        b - +0 scale mail
rPois   .            (helmet restricted)
rElec   .            (no cloak)
rCorr   .            (no gloves)
SInv    .            (no boots)
Will    .....        (no amulet) Stlth
                     (no ring)
HPRegen 0.26/turn    (no ring)
MPRegen 0.08/turn

%: no passive effects
@: no status effects
A: horns 2, retaliatory headbutt
a: no special abilities


You were on level 3 of the Dungeon.
You visited 1 branch of the dungeon, and saw 3 of its levels.

You collected 115 gold pieces.

Inventory:

Hand Weapons
 a - a +0 rapier (weapon)
 l - a +1 sling of draining
Missiles
 f - 3 poisoned darts (quivered)
 m - 18 stones
Armour
 b - a +0 scale mail (worn)
 c - a +0 buckler (worn)
Scrolls
 g - a scroll of summoning {unknown}
 j - a scroll of vulnerability {unknown}
 k - 2 scrolls of teleportation {unknown}
 n - 2 scrolls of identify {unknown}
 q - 2 scrolls of magic mapping {unknown}
 t - a scroll of enchant armour {unknown}
Potions
 d - 2 potions of might
 e - a potion of curing {unknown}
 h - a potion of degeneration {unknown}
 i - 2 potions of flight {unknown}
 o - 3 potions of heal wounds {unknown}
 p - a potion of ambrosia {unknown}
 r - a potion of lignification {unknown}
 s - a potion of haste {unknown}
 u - a potion of mutation {unknown}
 v - a potion of cancellation {unknown}


   Skills:
 + Level 4.1 Fighting
 + Level 2.8 Short Blades
 + Level 4.2 Armour
 + Level 1.5 Dodging
 + Level 4.1 Shields


You had 3 spell levels left.
You didn't know any spells.
Your spell library was empty.

Dungeon Overview and Level Annotations

Branches:
Dungeon (3/15)

Altars:

Annotations:
D:3 Grinder


Innate Abilities, Weirdness & Mutations

You have a pair of horns on your head.
You reflexively headbutt those who attack you in melee.


Message History

Grinder shouts!
Grinder blinks!
The gnoll hits you but does no damage.
A frilled lizard comes into view.
The frilled lizard hisses angrily.
There is a stone staircase leading up here.
You climb upwards.
There is a stone staircase leading down here.
You start resting.
HP restored.
You climb downwards.
Level annotation: Grinder The gnoll barely misses you.
The frilled lizard closely misses you.
There is a stone staircase leading up here.
The gnoll hits you with a +0 halberd! The gnoll closely misses you.
The gnoll hits you from afar with a +0 spear.
You completely miss the frilled lizard. You block the frilled lizard's attack.
The gnoll hits you from afar with a +0 spear. x2
You hit the frilled lizard.
You kill the frilled lizard!
The gnoll hits you with a +0 halberd. You block the gnoll's attack.
The gnoll hits you from afar with a +0 spear.
You have reached level 4!
You feel agile. The gnoll barely misses you.
There is a stone staircase leading up here.
The gnoll closely misses you. The gnoll hits you with a +0 spear.
* * * LOW HITPOINT WARNING * * *
The gnoll hits you from afar with a +0 spear.
* * * LOW HITPOINT WARNING * * *
Grinder blinks!
The gnoll attacks as you move away! You block the gnoll's attack.
The gnoll hits you but does no damage.
The gnoll hits you from afar with a +0 spear.
* * * LOW HITPOINT WARNING * * *
There is a stone staircase leading up here.
The gnoll hits you from afar with a +0 halberd.
* * * LOW HITPOINT WARNING * * *
The gnoll hits you from afar with a +0 spear.
You die...

###########
#.........#
#.........#
#.........##
#..........#...##....
#..............<.....
#...@.g..............
######g###......)....
#..##........... ##.#
#.......... #ยง#
#...#....# #.###
#....##.#
#...###.#####.!
###...g......$#
######..g.........#


You could see 2 gnolls.

Vanquished Creatures
  A gnoll (D:3)
  An adder (D:3)
  4 dart slugs (D:1)
  4 ball pythons
  An endoplasm (D:1)
  4 giant cockroaches
  3 goblins
  3 hobgoblins
  3 jackals
  2 quokkas
  2 bats
  A frilled lizard (D:3)
  4 kobolds
  3 rats
36 creatures vanquished.

Notes
Turn   | Place    | Note
-------+----------+-------------------------------------------
     0 | D:1      | Metae the Minotaur Fighter began the quest for the Orb.
     0 | D:1      | Reached XP level 1. HP: 19/19 MP: 0/0
   208 | D:1      | Reached XP level 2. HP: 27/27 MP: 1/1
   461 | D:1      | Reached skill level 1 in Dodging
   534 | D:1      | Reached XP level 3. HP: 28/33 MP: 2/2
  1627 | D:3      | HP: 1/33 [gnoll/+0 spear (5)]
  1635 | D:3      | Noticed Grinder
  1759 | D:3      | Reached XP level 4. HP: 13/40 MP: 3/3
  1762 | D:3      | HP: 2/40 [gnoll/+0 halberd (2)]
  1762 | D:3      | Slain by a gnoll

Illustrated notes

Levels and vault maps discovered:
D:1:      amcnicky_arrival_gap_in_the_tavern_cellar, layout_loops_ring
D:2:      layout_basic, minmay_heptomino_o4
D:3:      layout_rooms, uniq_jessica, uniq_grinder

Skill      XL: |  1  2  3 |
---------------+----------+-----
Dodging        | 1 |  1.5
Armour         | 4 |  4.2
Fighting       | 4 |  4.1
Shields        | 4 |  4.1
Short Blades   | |  2.8

Action                     |  1- 3 |  4- 6 || total
---------------------------+-------+-------++-------
  Melee: Rapier            |    99 |       ||    99
         Headbutt          |    19 |       ||    19
  Throw: Dart              |     1 |       ||     1
 Armour: Scale mail        |    42 |     1 ||    43
  Dodge: Dodged            |    46 |     2 ||    48
  Block: Buckler           |    28 |     1 ||    29
